 Seeded DCSS version 0.29-a0-1027-gcd8c55af63 (webtiles) character file.

Game seed: 2383064757664419447 (custom seed)

270 hikkokomori the Digger (level 6, -11/47 HPs)
             Began as a Meteoran Earth Elementalist on Aug 13, 2022.
             Mangled by Pikel
             ... wielding a +0 whip of electrocution
              (17 damage)
             ... on level 4 of the Dungeon.
             The game lasted 00:12:40 (2143 turns).

hikkokomori the Digger (MeEE)                       Turns: 2143, Time: 00:12:40

Health: -11/47     AC:  2    Str: 10    XL:     6   Next: 76%
Magic:  0/13       EV: 13    Int: 19    God:
Gold:   162        SH:  0    Dex: 14    Spells: 9/13 levels left

rFire   . . .      SeeInvis .   g - +0 mace
rCold   . . .      Faith    .   (no shield)
rNeg    . . .      Spirit   .   a - +0 robe
rPois   .          Reflect  .   (no helmet)
rElec   .          Harm     .   (no cloak)
rCorr   .          Rampage  .   (no gloves)
Will    .....                   (no boots)
Stlth   +.........              (no amulet)
HPRegen 0.15/turn               h - ring of wizardry
MPRegen 0.13/turn               (no ring)

@: glowing
A: sense surroundings 1, otherworldly, glowing, explore regen
a: no special abilities


You were on level 4 of the Dungeon.
You visited 1 branch of the dungeon, and saw 4 of its levels.

You collected 162 gold pieces.

Inventory:

Hand Weapons
 c - a +0 club
 g - a +0 mace (weapon)
Missiles
 d - 28 stones
Armour
 a - a +0 robe (worn)
Jewellery
 h - a ring of wizardry (left hand)
Scrolls
 i - a scroll of fog
 j - 3 scrolls of identify
 n - a scroll of summoning {unknown}
Potions
 b - 2 potions of magic
 e - a potion of haste {unknown}
 k - a potion of ambrosia {unknown}
 l - a potion of brilliance {unknown}
 m - a potion of cancellation {unknown}


   Skills:
 + Level 1.4 Fighting
 + Level 2.2 Maces & Flails
 + Level 3.7 Dodging
 - Level 2.0 Stealth
 + Level 4.1 Spellcasting
 + Level 2.4 Conjurations
 - Level 1.8 Transmutations
 + Level 4.7 Earth Magic


You had 9 spell levels left.
You knew the following spells:

 Your Spells              Type           Power      Damage    Failure   Level
a - Sandblast             Erth           44%        2d11      1%          1
b - Stone Arrow           Conj/Erth      34%        3d9       4%          3

Your spell library contained the following spells:

 Spells                   Type           Power      Damage    Failure   Level
 Passwall                 Tmut/Erth      13%        N/A       2%          2
 Blink                    Tloc           6%         N/A       9%          2
 Mephitic Cloud           Conj/Pois/Air  7%         N/A       12%         3
 Ignite Poison            Fire/Tmut/Pois 6%         N/A       13%         3
 Petrify                  Tmut/Erth      16%        N/A       14%         4
 Freezing Cloud           Conj/Ice/Air   3%         6-21      69%         5
 Manifold Assault         Tloc           3%         N/A       80%         5
 Storm Form               Tmut/Air       3%         N/A       100%        7


Dungeon Overview and Level Annotations

Branches:
Dungeon (4/15) Zot: 148
 Temple: D:4-7

Altars:
Ashenzari

Annotations:
D:4 Pikel


Innate Abilities, Weirdness & Mutations

You passively map a small area around you.
You are easily found by Zot.
You glow in the dark.
You regain HP and MP as you explore.


Message History

Press: ? - help, Shift-Dir - straight line, f/p - Pikel
Aim: Pikel, wielding a +0 whip of electrocution and wearing a +0 robe (lightly wounded, very poisoned, 50% to hit)
You throw a poisoned dart. The poisoned dart hits Pikel.
Pikel looks even sicker.
Pikel is lightly wounded.
Casting: Stone Arrow (dangerous; 4% risk of failure)
Confirm with . or Enter, or press ? or * to list all spells.
You don't know that spell.
Casting: Stone Arrow (dangerous; 4% risk of failure)
Confirm with . or Enter, or press ? or * to list all spells.
Aiming: Sandblast (safe; 1% risk of failure)
Press: ? - help, Shift-Dir - straight line, f/p - Pikel
Aim: Pikel, wielding a +0 whip of electrocution and wearing a +0 robe (lightly wounded, very poisoned, 79% to hit)
The blast of sand hits Pikel but does no damage.
Pikel is lightly wounded.
Pikel hits you but does no damage.
You are electrocuted!!
Casting: Sandblast (safe; 1% risk of failure)
Confirm with . or Enter, or press ? or * to list all spells.
Aiming: Sandblast (safe; 1% risk of failure)
Press: ? - help, Shift-Dir - straight line, f/p - Pikel
Aim: Pikel, wielding a +0 whip of electrocution and wearing a +0 robe (lightly wounded, very poisoned, 79% to hit)
The blast of sand hits Pikel.
Pikel is moderately wounded.
The lemure shouts!
Pikel closely misses you.
Pikel hits you with a +0 whip of electrocution!
Casting: Sandblast (safe; 1% risk of failure)
Confirm with . or Enter, or press ? or * to list all spells.
You don't know that spell.
Casting: Sandblast (safe; 1% risk of failure)
Confirm with . or Enter, or press ? or * to list all spells.
Aiming: Sandblast (safe; 1% risk of failure)
Press: ? - help, Shift-Dir - straight line, f/p - Pikel
Aim: Pikel, wielding a +0 whip of electrocution and wearing a +0 robe (moderately wounded, very poisoned, 79% to hit)
The blast of sand hits Pikel but does no damage.
Pikel is moderately wounded.
Pikel hits you with a +0 whip of electrocution!
* * * LOW HITPOINT WARNING * * *
You are electrocuted!
You die...

* #.....##...##
* ,,
#.........## * *
._ #..#......# ,
*(. #..##....##
* ,
#(##...#....## *
,
,#.#..#.......#
,
#.#.#†#####.....
, # #.#..##
#####..
#..#'#@.# *# ,
#....K.##
#.#...## *
#..(.## ###5# *
5. ... * ... * *
.... , *


You could see Pikel (very poisoned) and 2 lemures.

Vanquished Creatures
  A black bear (D:4)
  2 lemures (D:4)
  A scorpion (D:4)
  3 adders
  A dart slug (D:1)
  2 worms
  4 bats
  6 endoplasms
  4 giant cockroaches
  6 hobgoblins
  2 jackals (D:2)
  4 quokkas
  14 ball pythons
  10 frilled lizards
  10 goblins
  8 kobolds
  5 rats
83 creatures vanquished.

Vanquished Creatures (others)
  10 plants (D:3)
10 creatures vanquished.

Grand Total: 93 creatures vanquished

Notes
Turn   | Place    | Note
-------+----------+-------------------------------------------
     0 | D:1      | hikkokomori the Meteoran Earth Elementalist began the quest
                  | for the Orb.
     0 | D:1      | Reached XP level 1. HP: 14/14 MP: 5/5
    77 | D:1      | Reached XP level 2. HP: 8/20 MP: 6/6
   309 | D:1      | Reached XP level 3. HP: 13/26 MP: 5/8
   478 | D:1      | Glimpsed the power of Zot.
   504 | D:1      | Learned a level 3 spell: Stone Arrow
   642 | D:2      | Reached XP level 4. HP: 26/33 MP: 5/9
   750 | D:2      | Reached skill level 1 in Conjurations
  1162 | D:3      | Reached XP level 5. HP: 34/38 MP: 11/11
  1611 | D:3      | Glimpsed the power of Zot.
  1660 | D:3      | Glimpsed the power of Zot.
  1741 | D:4      | Noticed a lemure
  1751 | D:4      | Killed a lemure
  1942 | D:4      | Noticed a lemure
  1942 | D:4      | Noticed a lemure
  1942 | D:4      | Noticed Pikel
  1943 | D:4      | Noticed a lemure
  1953 | D:4      | Killed a lemure
  2018 | D:4      | Reached skill level 1 in Maces & Flails
  2067 | D:4      | Reached skill level 1 in Fighting
  2067 | D:4      | Reached XP level 6. HP: 47/47 MP: 4/12
  2117 | D:4      | Found a broken altar of Ashenzari.
  2117 | D:4      | Noticed a black bear
  2127 | D:4      | Killed a black bear
  2143 | D:4      | Mangled by Pikel

Illustrated notes

Levels and vault maps discovered:
D:1:      saegor_arrival_simple_c, layout_rooms
D:2:      layout_loops_cross, grunt_ministairs_11, minmay_misc_feat_plants,
          nicolae_wormholes
D:3:      layout_loops_ring, lexackson_kobold_supper
D:4:      layout_cave_pods, mainiacjoe_overflow_surrounded_room,
          minmay_ogre_servants, uniq_pikel

Skill      XL: |  1  2  3  4  5  6 |
---------------+-------------------+-----
Spellcasting   | 3 4 |  4.1
Earth Magic    | 4 |  4.7
Dodging        | 3 |  3.7
Conjurations   | 1 2 |  2.4
Stealth        | 2 |  2.0
Maces & Flails | 1 2 |  2.2
Fighting       | 1 |  1.4
Transmutations | |  1.8

Action                   |  1- 3 |  4- 6 || total
-------------------------+-------+-------++-------
Melee: Club              |    27 |    12 ||    39
       Unarmed           |     1 |       ||     1
       Mace              |       |    68 ||    68
       Punch             |       |     1 ||     1
Throw: Dart              |       |     6 ||     6
 Cast: Sandblast         |    26 |    45 ||    71
       Stone Arrow       |       |    12 ||    12
  Use: Scroll            |       |     2 ||     2
Armor: Robe              |    14 |    26 ||    40
Dodge: Dodged            |    21 |    69 ||    90

Table legend: (Time is in decaauts)
 A = Elapsed time spent in this place.
 B = Non-inter-level travel time spent in this place.
 C = Inter-level travel time spent in this place.
 D = Time resting spent in this place.
 E = Time spent auto-exploring this place.
 F = Levels seen in this place.
 G = Mean time per level.
                   A        B        C        D        E       F      G
               +--------+--------+--------+--------+--------+-----+--------+
         Total |   2249 |   2213 |     36 |    300 |    682 |   4 |  562.2 |
       Dungeon |   2249 |   2213 |     36 |    300 |    682 |   4 |  562.2 |
               +--------+--------+--------+--------+--------+-----+--------+

Top non-repeatable levels by time:
     D:3: 905 daAuts
     D:1: 529 daAuts
     D:4: 426 daAuts
     D:2: 387 daAuts
